Map: Catalyst LE

Players

Raze

  • Race: Protoss Protoss
  • Spawn Location: 11:00

SortOf - Winner!

  • Race: Zerg Zerg
  • Spawn Location: 5:00

Event: WCS Austin 2018

VOD

Have the link to the VOD?

Description

Time

  • Played on: June 1, 2018, 3:37 p.m.
  • Length: 8:01

All games in this series

Show
View Real Time Build Order
Export as new Build Order

Raze Protoss 

Build Orders: 1 Gate Expand, Oracle Opening, Phoenix Opening 

Get SALT Encoding   

  12  0:00  Probe  
  13  0:12  Probe  
  14  0:17  Pylon  
  14  0:24  Probe  
  15  0:32  Probe  
  15  0:39  Gateway  
  15  0:40  Probe  
  16  0:48  Assimilator  
  17  0:51  Probe  
  18  1:03  Probe  
  19  1:15  Probe  
  20  1:26  Nexus  
  20  1:36  Cybernetics Core  
  20  1:40  Probe  
  21  1:47  Assimilator  
  21  1:52  Probe  
  22  1:57  Pylon  
  22  2:03  Probe  
  22  2:06  Adept  
  23  2:12  Probe  
  25  2:20  Stargate, Probe  
  26  2:27  Warp Gate  
  27  2:32  Probe  
  27  2:34  Probe  
  27  2:35  Adept  
  30  2:42  Probe  
  30  2:44  Probe  
  33  2:52  Probe  
  33  2:56  Probe  
  35  2:59  Phoenix  
  35  3:04  Probe  
  36  3:08  Probe  
  39  3:16  Probe  
  39  3:19  Twilight Council  
  40  3:20  Probe  
  41  3:27  Gateway  
  41  3:28  Probe  
  41  3:32  Probe  
  43  3:36  Pylon  
  43  3:38  Oracle  
  46  3:41  Resonating Glaives  
  46  3:43  Gateway  
  46  3:53  Pylon  
  46  3:54  Adept, Probe  
  49  4:00  Probe  
  50  4:06  Assimilator, Probe  
  50  4:09  Assimilator  
  51  4:14  Probe  
  52  4:18  Pylon, Probe  
  53  4:28  Robotics Facility  
  53  4:31  Adept x2  
  57  4:34  Probe x2  
  59  4:40  Adept  
  61  4:52  Pylon, Probe x2  
  62  5:01  Adept x3  
  68  5:10  Immortal, Nexus  
  68  5:11  Pylon  
  68  5:20  Probe  
  68  5:21  Probe  
  74  5:32  Adept x3  
  66  5:39  Immortal  
  66  5:40  Probe  
  66  5:41  Probe  
  64  5:49  Gateway  
  68  5:52  Probe  
  68  5:54  Gateway  
  69  5:59  Gateway  
  69  6:01  Gateway  
  69  6:06  Gateway  
  69  6:21  Sentry x3  
  69  6:22  Warp Prism  
  77  6:41  Pylon  
  77  6:44  Adept x3  
  77  6:46  Pylon  
  83  6:52  Adept x2  
  87  6:58  Observer  
  88  7:02  Adept x2  
  88  7:03  Adept  
  88  7:05  Adept x3  
  100  7:10  Pylon  
  100  7:13  Pylon  
  100  7:19  Adept x2  
  100  7:22  Adept x2  
  106  7:25  Adept x4  
  111  7:51  Adept x5  
  103  7:52  Adept  
Show
View Real Time Build Order
Export as new Build Order

SortOf Zerg - Winner!

Build Orders: Hatch First 

Get SALT Encoding   

  12  0:00  Drone  
  13  0:13  Overlord  
  13  0:17  Drone  
  14  0:31  Drone x2  
  16  0:50  Hatchery  
  16  0:52  Drone  
  16  0:56  Drone  
  17  0:59  Drone  
  18  1:09  Extractor  
  17  1:15  Spawning Pool  
  16  1:18  Drone  
  16  1:21  Drone  
  18  1:35  Drone  
  19  1:40  Drone  
  20  1:51  Overlord  
  20  2:01  Queen x2  
  20  2:02  Zergling x4  
  26  2:11  Drone  
  26  2:12  Drone  
  26  2:14  Metabolic Boost  
  28  2:23  Drone x2  
  30  2:34  Drone  
  31  2:40  Hatchery  
  30  2:44  Drone  
  30  2:47  Overlord  
  31  2:51  Drone  
  31  2:56  Drone x2  
  34  3:04  Queen  
  36  3:09  Drone x2  
  38  3:13  Drone x3  
  38  3:17  Overlord  
  38  3:19  Overlord  
  41  3:26  Queen  
  43  3:29  Drone  
  44  3:37  Drone  
  45  3:43  Drone x4  
  45  3:45  Drone  
  45  3:47  Spore Crawler  
  49  3:51  Queen  
  49  3:53  Drone x2  
  53  4:00  Overlord  
  53  4:04  Overlord  
  53  4:05  Zergling x4  
  53  4:06  Drone x2  
  57  4:10  Spore Crawler, Drone  
  57  4:13  Overlord  
  57  4:23  Drone x5  
  62  4:28  Spore Crawler  
  60  4:32  Zergling x8  
  60  4:35  Zergling x6  
  60  4:37  Spore Crawler  
  66  4:45  Lair  
  66  4:46  Drone  
  66  4:47  Drone, Roach Warren, Extractor  
  66  4:48  Extractor  
  66  4:51  Overlord  
  66  4:52  Zergling x2  
  66  4:53  Zergling x4  
  66  4:57  Queen  
  66  4:58  Zergling x4  
  72  5:02  Zergling x6  
  74  5:08  Overlord, Drone x3  
  74  5:12  Overlord  
  91  5:28  Roach x7  
  91  5:35  Roach x2  
  83  5:40  Drone x2  
  83  5:41  Drone x3  
  85  5:44  Drone x2  
  85  5:49  Glial Reconstitution, Extractor  
  86  5:51  Drone  
  86  5:56  Drone x2  
  88  6:02  Overlord  
  88  6:06  Evolution Chamber  
  88  6:07  Roach x2, Hydralisk Den  
  90  6:12  Hatchery  
  90  6:13  Roach  
  90  6:14  Roach  
  90  6:15  Overlord  
  93  6:19  Roach x2  
  93  6:21  Extractor  
  93  6:22  Roach  
  93  6:24  Spine Crawler  
  97  6:28  Roach x2  
  97  6:32  Drone x2  
  102  6:42  Drone x6  
  108  6:47  Overlord  
  108  6:52  Overlord  
  108  6:53  Overlord  
  108  6:54  Roach x2  
  112  6:56  Overlord  
  112  6:57  Overlord  
  112  7:02  Overlord  
  112  7:06  Hydralisk x4  
  120  7:16  Roach x5  
  120  7:18  Ravager x2  
  120  7:20  Zergling x2  
  120  7:21  Zergling x8  
  137  7:24  Ravager  
  137  7:25  Roach x2  
  142  7:32  Roach x4  
  150  7:41  Roach x5  
Tags
 
Add a new tag
Caveats
  • Supply blocks, unpowered buildings, or Contaminate may cause inaccurate times.
  • Supply counts are checked every 10 seconds.